 Dungeon Crawl Stone Soup version 0.18.1-5-g4a78601 (webtiles) character file.

136908 dracos369 the Impaler (level 17, 0/139 HPs)
             Began as a Merfolk Skald on May 13, 2016.
             Was a High Priest of Trog.
             Succumbed to a redback's poison
             ... on level 1 of the Spider Nest.
             The game lasted 02:35:22 (29371 turns).

dracos369 the Impaler (Merfolk Skald)              Turns: 29371, Time: 02:35:23

Health: 0/139      AC:  6    Str: 29    XL:     17   Next: 22%
Magic:  21/21      EV: 28    Int: 17    God:    Trog [*****.]
Gold:   1247       SH:  0    Dex: 21    Spells: 3 memorised, 14 levels left

rFire  . . .     SeeInvis .     c - +3 glaive (vamp)
rCold  + . .     Gourm    +     U - +4 robe of Augmentation {Str+4 Int+4 Dex+4}
rNeg   + . .     Faith    .     (shield currently unavailable)
rPois  .         Spirit   .     K - +2 hat
rElec  .         Dismiss  .     o - +1 cloak
rCorr  .         Reflect  .     E - +2 pair of gloves {Str+3}
SustAt .         Harm     .     u - +2 pair of boots
MR     +++..                    x - amulet of the gourmand (curse)
Stlth  ++........               N - ring of False Pretenses {rC+ rN+ Str+5, =R}
                                h - +3 ring of strength

@: confused, lethally poisoned (0 -> -57), corroded, very slightly contaminated,
regenerating, hasted, invisible, very quick, extremely resistant to hostile
enchantments, unstealthy
A: change form in water, swift swim, wild magic 1
a: Berserk, Trog's Hand, Brothers in Arms, Burn Spellbooks, Renounce Religion


You were on level 1 of the Spider Nest.
You worshipped Trog.
Trog was extremely pleased with you.
You were very full.

You visited 7 branches of the dungeon, and saw 28 of its levels.
You visited the Abyss 1 time.
You also visited: Ice Cave.

You collected 2894 gold pieces.
You spent 1647 gold pieces at shops.

Inventory:

Hand Weapons
 c - a +3 vampiric glaive (weapon)
Missiles
 G - 8 needles of frenzy
 L - 4 needles of sleeping
 P - 5 javelins of returning (quivered)
 T - 2 throwing nets
 Z - 6 javelins
Armour
 o - a +1 cloak (worn)
 u - a +2 pair of boots (worn)
 v - a +3 plate armour of fire resistance
 E - a +2 pair of gloves of strength (worn)
 K - a +2 hat (worn)
 U - the +4 robe of Augmentation (worn) {Str+4 Int+4 Dex+4}
   (You found it on level 12 of the Dungeon)

   It affects your strength (+4).
   It affects your intelligence (+4).
   It affects your dexterity (+4).
Jewellery
 h - a +3 ring of strength (left hand)
 x - a cursed amulet of the gourmand (around neck)
 N - the ring of False Pretenses (right hand) {rC+ rN+ Str+5, =R}
   (You found it on level 7 of the Dungeon)

   [ring of positive energy]

   It affects your strength (+5).
   It protects you from cold.
   It protects you from negative energy.
Wands
 a - a wand of iceblast (5/15)
 e - a wand of digging (5/24)
 g - a wand of polymorph (5/24)
 l - a wand of acid (5/15)
 s - a wand of confusion (11/48)
 M - a wand of polymorph (23/24)
 S - a wand of disintegration (9/24)
Scrolls
 f - 8 scrolls of fog
 i - 7 scrolls of immolation
 m - 2 scrolls of fear
 n - 4 scrolls of holy word {unknown}
 w - 2 scrolls of remove curse
 A - 9 scrolls of teleportation
 J - a scroll of enchant weapon
 O - a scroll of identify
 Q - 2 scrolls of magic mapping
 Y - a scroll of recharging
Potions
 b - 4 potions of might
 p - 2 potions of mutation
 q - 2 potions of haste
 r - 6 potions of flight
 z - a potion of cure mutation {unknown}
 B - 3 potions of brilliance
 C - 3 potions of agility
 H - 3 potions of resistance
 I - 5 potions of lignification
 W - a potion of ambrosia
Books
 y - a book of Maledictions

   Spells                             Type                      Level
   a - Corona                         Hexes                        1
   b - Ensorcelled Hibernation        Hexes/Ice                    2
   c - Confuse                        Hexes                        3
   d - Tukima's Dance                 Hexes                        3
   e - Dazzling Spray                 Conjuration/Hexes            3
   Trog disapproves of the use of such an item.
Comestibles
 d - 17 bread rations
 k - 3 meat rations
 t - 18 fruits
 D - 7 chunks of flesh


   Skills:
 + Level 14.1 Fighting
 + Level 20.9 Polearms
 + Level 10.8 Throwing
 + Level 9.7 Armour
 + Level 15.9 Dodging
 - Level 9.0 Stealth
 - Level 2.0 Spellcasting
 - Level 0.4 Hexes
 - Level 3.4 Charms
 - Level 6.0 Evocations


You had 14 spell levels left.
You knew the following spells:

 Your Spells              Type           Power        Failure   Level  Hunger
a - Infusion              Chrm           ###.         10%         1    #......
c - Spectral Weapon       Hex/Chrm       ##......     38%         3    ###....
g - Shroud of Golubria    Chrm/Tloc      #.........   24%         2    ###....


Dungeon Overview and Level Annotations

Branches:
Dungeon (13/15)            Temple (1/1) D:6            Lair (8/8) D:8
  Swamp (2/4) Lair:6       Spider (1/4) Lair:4        Slime (0/6) Lair:8
    Orc (2/2) D:12            Elf (1/3) Orc:2        Vaults (0/5) D:13

Altars:
Ashenzari
Cheibriados
Dithmenos
Elyvilon
Fedhas
Gozag
Kikubaaqudgha
Makhleb
Nemelex Xobeh
Okawaru
Pakellas
Qazlal
Ru
Sif Muna
Trog
Vehumet
Xom
Yredelemnul
Zin
The Shining One
Beogh

Shops:
Orc:1 *   Orc:2 !(*[*   Elf:1 }


Innate Abilities, Weirdness & Mutations

You revert to your normal form in water.
You are very nimble and swift while swimming.
Your spells are a little harder to cast, but a little more powerful.


Message History

The wolf spider closely misses you. The redback misses you.
The redback barely misses you.
You're too confused to move!
* * * LOW HITPOINT WARNING * * *
You feel sick. The tarantella bites you.
* * * LOW HITPOINT WARNING * * *
The tarantella barely misses you. The wolf spider misses you.
The wolf spider completely misses you. The redback misses you.
The redback bites you!
* * * LOW HITPOINT WARNING * * *
You are more poisoned.
The redback poisons you!
Drink which item? (? for menu, Esc to quit)
Okay, then.
You're too confused!
You're too confused!
Drink which item? (? for menu, Esc to quit)
Okay, then.
You closely miss the redback.
You feel less invigorated.
You die...

............. #
###............ ##.
##.##........... .
#..##...#..........p
.$#.......#...........
..........#..s........
.......ss.#...†.......
.......@sp#...........
......sss.............
.....s......!..........
..............(........
......................##
#......###...^..........
.....###................
...###..................
.#####........^....(......


You could see an entropy weaver, a wolf spider, an orb spider, 3 tarantellas and
2 redbacks.

Vanquished Creatures
  2 tentacled starspawn (Abyss:2)
  Maud (D:12)
  Snorg (Lair:4)
  6 hydras
  A ghost crab (Swamp:2)
  Erolcha (D:12)
  Erica (Lair:1)
  3 alligators (Swamp:1)
  17 death yaks
  A centaur warrior (D:13)
  5 dancing weapons
  2 ogre magi (Orc:2)
  A queen ant (Lair:1)
  The ghost of dadoka the Frost Mage, a novice DrCj of Vehumet (D:9)
  Sonja (Lair:1)
  3 thrashing horrors (Abyss:2)
  An orc high priest (Orc:2)
  4 deep elf knights (Elf:1)
  Nergalle (Lair:1)
  A wretched star (Abyss:2)
  An unseen horror (D:12)
  2 large abominations (Abyss:2)
  A flayed ghost (Abyss:2)
  2 deep trolls (Orc:2)
  7 deep elf archers (Elf:1)
  2 lindwurms (Lair:8)
  5 hill giants
  3 orc knights
  3 orb spiders
  An orc sorcerer (Orc:2)
  6 wolf spiders (Spider:1)
  12 deep elf magi (Elf:1)
  2 cyclopes (Orc:2)
  5 ugly things (Swamp:2)
  Joseph (Lair:1)
  9 elephants (Lair:7)
  2 ice statues (IceCv)
  Psyche (D:9)
  3 black mambas
  A gargoyle (D:13)
  An orange demon (Abyss:2)
  26 spiny frogs
  4 rime drakes
  2 demonic crawlers (Spider:1)
  4 komodo dragons
  A yaktaur (shapeshifter) (Abyss:2)
  8 ice devils (IceCv)
  A hellwing (Abyss:2)
  9 jumping spiders (Spider:1)
  13 trolls
  A polar bear (Lair:8)
  7 two-headed ogres
  Grinder (D:3)
  8 giant leeches
  Prince Ribbit (D:9)
  33 blink frogs
  3 bog bodies
  A raiju (Abyss:2)
  13 redbacks (Spider:1)
  A boulder beetle (Spider:1)
  An air elemental (Elf:1)
  2 dire elephant simulacra (IceCv)
  2 shadows
  A water elemental (Elf:1)
  2 vampires
  6 tarantellas (Spider:1)
  45 yaks
  A ynoxinul (Abyss:2)
  2 spriggans (Swamp:1)
  3 fire elementals (Elf:1)
  Eustachio (D:4)
  A wraith (D:13)
  A neqoxec (Abyss:2)
  13 hippogriffs
  5 basilisks
  4 wyverns
  2 steam dragons (D:12)
  Menkaure (D:5)
  9 vampire mosquitoes
  2 iron troll simulacra (IceCv)
  8 swamp worms
  9 soldier ants
  A harpy simulacrum (IceCv)
  11 insubstantial wisps (Swamp:1)
  2 wargs (Orc:1)
  The ghost of Nanban the Sneak, an amateur KoAs of Dithmenos (D:3)
  2 hell hounds (Abyss:2)
  12 porcupines
  Duvessa (D:4)
  24 water moccasins
  4 hydra simulacra (IceCv)
  3 swamp drakes (Swamp:1)
  An ice beast (D:11)
  3 black bears (Lair:5)
  An ettin simulacrum (IceCv)
  22 ogres
  19 orc warriors
  A phantom (D:10)
  5 sky beasts
  9 wasps
  5 centaurs
  4 wolves (Lair:2)
  17 crocodiles
  33 giant frogs
  A big kobold (D:9)
  Blork the orc (D:6)
  An earth elemental (Elf:1)
  2 gnoll sergeants
  Dowan (D:4)
  3 scorpions
  A water moccasin zombie (D:8)
  5 killer bees (D:12)
  10 wights
  4 electric eels (Lair:8)
  10 starcursed masses
  A giant frog zombie (D:6)
  6 crimson imps
  6 centaur zombies
  14 orc priests
  4 hounds
  9 orc wizards
  A giant frog skeleton (D:4)
  4 centaur skeletons
  12 iguanas
  4 small abominations (Abyss:2)
  4 hell rats (Lair:4)
  42 worker ants
  20 sheep
  A killer bee zombie (D:8)
  A hound zombie (D:8)
  A howler monkey zombie (D:7)
  A worker ant zombie (D:8)
  10 gnolls
  3 howler monkey skeletons
  14 adders
  87 river rats
  4 shadow imps
  2 oozes
  An adder zombie (D:11)
  3 adder skeletons
  2 worms
  2 dart slugs
  4 giant geckos
  48 orcs
  3 bats
  2 giant cockroaches
  5 hobgoblins
  6 jackals
  3 quokkas
  3 ball pythons
  A giant gecko skeleton (D:5)
  5 giant newts
  5 goblins
  A jackal skeleton (D:4)
  7 kobolds
  10 rats
  7 fungi
971 creatures vanquished.

Vanquished Creatures (collateral kills)
  An Ice Fiend (IceCv)
  4 death yaks (Lair:8)
  An ugly thing (Swamp:2)
  A spiny frog (Lair:8)
  3 ice devils (IceCv)
  A giant leech (Swamp:2)
  2 yaks (Lair:8)
  2 insubstantial wisps (Swamp:2)
  A swamp worm (Swamp:2)
16 creatures vanquished.

Vanquished Creatures (others)
  2 ugly things (Swamp:2)
  An insubstantial wisp (Swamp:2)
  A swamp drake (Swamp:1)
  A killer bee (D:12)
  22 fungi
  13 plants
  4 starspawn tentacles (Abyss:2)
  46 starspawn tentacle segments (Abyss:2)
90 creatures vanquished.

Grand Total: 1077 creatures vanquished

Notes
Turn   | Place    | Note
--------------------------------------------------------------
     0 | D:1      | dracos369 the Merfolk Skald began the quest for the Orb.
     0 | D:1      | Reached XP level 1. HP: 16/16 MP: 3/3
   312 | D:1      | Reached skill level 4 in Polearms
   312 | D:1      | Reached XP level 2. HP: 15/22 MP: 0/5
   923 | D:2      | Reached XP level 3. HP: 19/28 MP: 2/6
   931 | D:2      | Learned a level 3 spell: Spectral Weapon
   934 | D:2      | Learned a level 2 spell: Shroud of Golubria
  1331 | D:2      | Reached skill level 5 in Polearms
  1494 | D:2      | Reached XP level 4. HP: 20/34 MP: 7/7
  1635 | D:3      | Found a faded altar to an unknown god.
  1670 | D:3      | Became a worshipper of Trog the Wrathful
  1670 | D:3      | Reached * piety under Trog
  1708 | D:3      | Noticed Grinder
  1709 | D:3      | Paralysed by Grinder for 5 turns
  1724 | D:3      | Killed Grinder
  1724 | D:3      | Reached skill level 7 in Polearms
  1724 | D:3      | Reached XP level 5. HP: 14/41 MP: 8/8
  1724 | D:3      | Reached XP level 6. HP: 17/47 MP: 9/9
  1983 | D:3      | Noticed Nanban's ghost (amateur KoAs)
  2282 | D:4      | Noticed Duvessa
  2284 | D:4      | Noticed Dowan
  2296 | D:4      | Killed Duvessa
  2296 | D:4      | Reached skill level 8 in Polearms
  2296 | D:4      | Reached XP level 7. HP: 54/54 MP: 10/10
  2303 | D:4      | Killed Dowan
  2406 | D:4      | Noticed Eustachio
  2423 | D:4      | Killed Eustachio
  2423 | D:4      | Reached skill level 5 in Dodging
  2585 | D:4      | Reached skill level 9 in Polearms
  2878 | D:5      | Entered Level 5 of the Dungeon
  2893 | D:5      | Reached skill level 1 in Armour
  2904 | D:5      | Noticed Menkaure
  2914 | D:5      | Killed Menkaure
  2914 | D:5      | Reached skill level 5 in Fighting
  2914 | D:5      | Reached XP level 8. HP: 62/62 MP: 11/11
  3049 | D:5      | Reached ** piety under Trog
  3080 | D:5      | Reached skill level 10 in Polearms
  3202 | D:5      | Found a white marble altar of Elyvilon.
  3212 | D:5      | HP: 2/93 [centaur zombie (3)]
  3803 | D:3      | Found a sparkling altar of Nemelex Xobeh.
  3876 | D:3      | Killed Nanban's ghost
  4126 | D:6      | Reached skill level 11 in Polearms
  4153 | D:6      | Reached XP level 9. HP: 58/69 MP: 12/12
  4205 | D:6      | Found a staircase to the Ecumenical Temple.
  4614 | D:6      | Noticed Blork the orc
  4626 | D:6      | Killed Blork the orc
  4769 | Temple   | Entered the Ecumenical Temple
  4963 | D:7      | Reached skill level 12 in Polearms
  5044 | D:7      | Found an iron altar of Okawaru.
  5109 | D:7      | Reached *** piety under Trog
  5266 | D:7      | Got a glittering lapis lazuli ring
  6177 | D:8      | Found a stormy altar of Qazlal.
  6270 | D:8      | Found a staircase to the Lair.
  6569 | D:8      | Reached skill level 13 in Polearms
  6569 | D:8      | Reached XP level 10. HP: 15/79 MP: 13/13
  7135 | Lair:1   | Entered Level 1 of the Lair of Beasts
  7137 | Lair:1   | Noticed a spiny frog
  7143 | Lair:1   | Killed a spiny frog
  7585 | Lair:1   | Noticed Erica
  7913 | D:9      | Identified the ring of False Pretenses {rC+ rN+ Str+5} (You found it on level 7 of the Dungeon)
  8028 | D:9      | Noticed Psyche
  8031 | D:9      | Killed Psyche
  8074 | D:9      | Reached skill level 14 in Polearms
  8151 | D:9      | Reached **** piety under Trog
  8210 | D:9      | Noticed Prince Ribbit
  8223 | D:9      | Killed Prince Ribbit
  8859 | D:10     | Entered Level 10 of the Dungeon
  8970 | D:10     | Reached XP level 11. HP: 87/87 MP: 14/14
  9065 | D:10     | Reached skill level 15 in Polearms
  9240 | D:10     | Found an opulent altar of Gozag.
  9631 | D:10     | Reached skill level 10 in Dodging
  9804 | D:11     | Reached skill level 1 in Throwing
  9848 | D:11     | Reached skill level 5 in Armour
  9915 | D:11     | Reached skill level 1 in Evocations
  9932 | D:11     | Reached skill level 1 in Stealth
 10089 | D:11     | Identified a scroll of acquirement
 10103 | D:11     | Noticed a hill giant
 10111 | D:11     | Killed a hill giant
 10180 | D:11     | Noticed an orc knight
 10209 | D:11     | Killed an orc knight
 10224 | D:11     | Reached ***** piety under Trog
 10554 | D:12     | Noticed a hill giant
 10562 | D:12     | Killed a hill giant
 10562 | D:12     | Received a gift from Trog
 10579 | D:12     | Noticed Erolcha
 10591 | D:12     | Killed Erolcha
 10614 | D:12     | Noticed Maud
 10632 | D:12     | Noticed a hill giant
 10651 | D:12     | Killed Maud
 10655 | D:12     | Killed a hill giant
 10655 | D:12     | Reached skill level 16 in Polearms
 10655 | D:12     | Reached XP level 12. HP: 56/95 MP: 15/15
 10731 | D:12     | Noticed a six-headed hydra
 10742 | D:12     | Killed a six-headed hydra
 10825 | D:12     | Found a staircase to the Orcish Mines.
 11316 | D:9      | Noticed dadoka's ghost (novice DrCj)
 11325 | D:9      | Killed dadoka's ghost
 11360 | Lair:1   | Killed Erica
 11427 | Lair:1   | Noticed Sonja
 11439 | Lair:1   | Killed Sonja
 11832 | Lair:1   | Noticed Joseph
 11841 | Lair:1   | Killed Joseph
 11841 | Lair:1   | Reached skill level 5 in Stealth
 11861 | Lair:1   | Noticed a queen ant
 11891 | Lair:1   | Killed a queen ant
 12593 | Lair:1   | Noticed Nergalle
 12597 | Lair:1   | Killed Nergalle
 12597 | Lair:1   | Reached XP level 13. HP: 103/103 MP: 16/16
 12877 | Lair:2   | Received a gift from Trog
 12877 | Lair:2   | Reached skill level 17 in Polearms
 12890 | Lair:2   | Reached skill level 5 in Throwing
 13076 | Lair:2   | Reached skill level 10 in Fighting
 13689 | Lair:3   | Reached skill level 5 in Evocations
 14623 | Lair:4   | Noticed Snorg
 14637 | Lair:4   | Killed Snorg
 15036 | Lair:4   | Reached ****** piety under Trog
 15226 | Lair:4   | Found a hole to the Spider Nest.
 15458 | Lair:4   | Received a gift from Trog
 16074 | Lair:5   | Reached XP level 14. HP: 88/111 MP: 18/18
 16903 | Lair:6   | Received a gift from Trog
 16903 | Lair:6   | Reached skill level 18 in Polearms
 16918 | Lair:6   | Found a staircase to the Swamp.
 16962 | Lair:6   | Got a spiked leather armour
 16973 | Lair:6   | Identified the +2 leather armour of Courage {rN+ rCorr} (You found it on level 6 of the Lair of Beasts)
 18164 | Lair:7   | Received a gift from Trog
 18429 | Lair:7   | Received a gift from Trog
 18652 | Lair:7   | Received a gift from Trog
 18862 | Lair:8   | Entered Level 8 of the Lair of Beasts
 18966 | Lair:7   | HP: 5/114 [poisoned by a spiny frog]
 18971 | Lair:7   | HP: 2/114 [poisoned by a spiny frog]
 18977 | Lair:7   | HP: 2/114 [poisoned by a spiny frog]
 18982 | Lair:7   | HP: 2/114 [poisoned by a spiny frog]
 19620 | Orc:1    | Entered Level 1 of the Orcish Mines
 19862 | Orc:1    | Received a gift from Trog
 19915 | Orc:1    | Found Lygy's General Store.
 20200 | D:13     | Reached XP level 15. HP: 120/120 MP: 19/19
 20272 | D:13     | Found a gate to the Vaults.
 20282 | D:13     | Reached skill level 19 in Polearms
 20873 | Lair:8   | Noticed Nessos
 20882 | Lair:8   | Noticed Nessos
 20882 | Lair:8   | Nessos changed into Nessos the lindwurm
 20924 | Lair:8   | Killed Nessos the lindwurm
 20962 | Lair:8   | Found a staircase to the Slime Pits.
 21073 | Lair:8   | Received a gift from Trog
 21281 | Lair:8   | Received a gift from Trog
 22486 | Orc:2    | Entered Level 2 of the Orcish Mines
 22489 | Orc:2    | Found Ughowacs's Distillery.
 22493 | Orc:2    | Found a roughly hewn altar of Beogh.
 22507 | Orc:2    | Bought a potion of heal wounds for 55 gold pieces
 22507 | Orc:2    | Bought a potion of resistance for 110 gold pieces
 22507 | Orc:2    | Bought a potion of agility for 44 gold pieces
 22507 | Orc:2    | Bought a potion of beneficial mutation for 385 gold pieces
 22507 | Orc:2    | Bought a potion of curing for 33 gold pieces
 22507 | Orc:2    | Gained mutation: Your spells are a little harder to cast, but a little more powerful. [potion of beneficial mutation]
 22528 | Orc:2    | Received a gift from Trog
 22610 | Orc:2    | Found a staircase to the Elven Halls.
 22876 | Orc:2    | Cast into level 2 of the Abyss (an ogre mage)
 22999 | Abyss:2  | Paralysed by accursed screaming for 1 turns
 23128 | Abyss:2  | Noticed an Executioner
 23145 | Abyss:2  | Noticed a tentacled starspawn
 23192 | Abyss:2  | Killed a tentacled starspawn
 23216 | Abyss:2  | Reached XP level 16. HP: 87/130 MP: 20/20
 23331 | Abyss:2  | Noticed a tentacled starspawn
 23354 | Abyss:2  | Killed a tentacled starspawn
 23375 | Orc:2    | Escaped the Abyss
 23439 | Orc:2    | Found Okkaoc's Assorted Antiques.
 23441 | Orc:2    | Found Eris Heb's General Store.
 23446 | Orc:2    | Found Suoqyeg's Weapon Shop.
 23453 | Orc:2    | Bought a potion of invisibility for 136 gold pieces
 23453 | Orc:2    | Bought a scroll of acquirement for 884 gold pieces
 23455 | Orc:2    | Found Yceat's Armour Emporium.
 23585 | Orc:2    | Reached skill level 20 in Polearms
 23673 | Orc:2    | Paralysed by an orc sorcerer for 4 turns
 23680 | Orc:2    | Received a gift from Trog
 23857 | Elf:1    | Entered Level 1 of the Elven Halls
 24660 | Elf:1    | Reached skill level 15 in Dodging
 24958 | Elf:1    | Reached skill level 10 in Throwing
 25142 | Elf:1    | Found Ysafar's Gadget Boutique.
 25789 | Swamp:1  | Entered Level 1 of the Swamp
 25818 | Swamp:1  | Received a gift from Trog
 26663 | Swamp:2  | Found a frozen archway.
 26689 | IceCv    | Entered an ice cave
 27761 | IceCv    | Noticed an Ice Fiend
 27767 | IceCv    | Killed an Ice Fiend
 28379 | Swamp:2  | Reached XP level 17. HP: 65/138 MP: 21/21
 29047 | Spider:1 | Entered Level 1 of the Spider Nest
 29130 | Spider:1 | Received a gift from Trog
 29365 | Spider:1 | HP: 5/139 [redback (10)]
 29370 | Spider:1 | HP: 2/139 [redback (7)]
 29371 | Spider:1 | Succumbed to a redback's poison

Skill      XL: |  1  2  3  4  5  6  7  8  9 10 11 12 13 14 15 16 17 |
---------------+----------------------------------------------------+-----
Polearms       | 4 5 7 8 9 11 13 14 16 17 18 19 20 | 20.9
Dodging        | 2 3 4 5 6 8 9 10 11 12 13 14 15 | 15.9
Fighting       | 3 4 5 7 8 9 10 11 13 14 | 14.1
Armour         | 1 2 3 4 5 6 7 8 9 |  9.7
Throwing       | 3 4 6 7 9 10 | 10.8
Evocations     | 2 4 6 |  6.0
Stealth        | 3 5 7 9 |  9.0
Spellcasting   | |  2.0
Hexes          | |  0.4
Charms         | |  3.4

Action                   |  1- 3 |  4- 6 |  7- 9 | 10-12 | 13-15 | 16-18 || total
-------------------------+-------+-------+-------+-------+-------+-------++-------
Melee: Spear             |   112 |    81 |    98 |       |       |       ||   291
       Halberd           |       |       |   318 |   647 |    24 |       ||   989
       Trident           |       |       |       |     6 |   118 |       ||   124
       Glaive            |       |       |       |       |  1443 |   632 ||  2075
       Tailslap          |       |       |       |       |    19 |    29 ||    48
       Bardiche          |       |       |       |       |       |   143 ||   143
 Fire: Blowgun           |       |       |       |       |     7 |       ||     7
Throw: Tomahawk          |       |       |       |    18 |    10 |       ||    28
       Javelin           |       |       |       |     1 |    22 |    35 ||    58
 Cast: Infusion          |     6 |       |       |       |       |       ||     6
       Shroud of Golubri |     1 |       |       |       |       |       ||     1
Invok: Burn Spellbooks   |       |     1 |     2 |     2 |     1 |     1 ||     7
       Berserk           |       |     2 |     7 |     8 |     9 |     2 ||    28
       Trog's Hand       |       |       |     1 |     2 |     2 |     2 ||     7
       Brothers in Arms  |       |       |       |       |     4 |     8 ||    12
Evoke: Wand              |       |       |       |       |    11 |       ||    11
       Deck              |       |       |       |       |     2 |       ||     2
  Use: Potion            |       |     1 |     4 |     2 |     8 |    12 ||    27
       Scroll            |       |       |       |    23 |    12 |     8 ||    43
 Stab: Sleeping          |     4 |     1 |     2 |     8 |    48 |    16 ||    79
       Distracted        |       |       |     1 |     5 |     9 |     7 ||    22
  Eat: Chunk             |     2 |     4 |    20 |    24 |    40 |    14 ||   104
       Beef jerky        |       |       |     1 |       |     4 |       ||     5
       Meat ration       |       |       |       |     1 |     3 |     6 ||    10
       Pizza             |       |       |       |     1 |     3 |     1 ||     5
       Royal jelly       |       |       |       |       |    10 |       ||    10
Armor: Leather armour    |     3 |       |    66 |    89 |       |       ||   158
       Robe              |    10 |     7 |     1 |    34 |   245 |   146 ||   443
Dodge: Dodged            |    33 |    27 |   249 |   467 |  1495 |   800 ||  3071
